Map: Port Aleksander LE

Players

ShoWTimE

  • Race: Protoss Protoss
  • Spawn Location: 11:00

Stephano - Winner!

  • Race: Zerg Zerg
  • Spawn Location: 5:00

Event: IEM Season 13: Katowice (2019)

VOD

Have the link to the VOD?

Description

Time

  • Played on: Feb. 25, 2019, 10:50 a.m.
  • Length: 9:43

All games in this series

Show
View Real Time Build Order
Export as new Build Order

ShoWTimE Protoss 

Build Orders: 1 Gate Expand, Phoenix Opening, Zealot Archon 

Get SALT Encoding   

  12  0:00  Probe  
  13  0:12  Probe  
  14  0:18  Pylon  
  14  0:24  Probe  
  15  0:32  Probe  
  15  0:40  Probe  
  15  0:42  Gateway  
  16  0:48  Assimilator  
  17  0:51  Probe  
  18  1:03  Probe  
  19  1:15  Probe  
  20  1:26  Nexus  
  20  1:37  Cybernetics Core  
  20  1:40  Probe  
  21  1:47  Assimilator  
  21  1:52  Probe  
  22  1:56  Pylon  
  22  2:04  Adept, Probe  
  25  2:16  Probe  
  25  2:20  Stargate  
  26  2:24  Adept  
  26  2:25  Warp Gate  
  26  2:28  Probe  
  27  2:34  Probe  
  29  2:41  Probe  
  29  2:42  Probe  
  32  2:52  Probe  
  32  2:53  Probe  
  34  2:59  Stalker  
  34  3:00  Phoenix  
  34  3:04  Probe  
  37  3:09  Probe  
  40  3:16  Probe  
  40  3:17  Pylon  
  41  3:21  Probe  
  42  3:29  Probe  
  42  3:30  Phoenix  
  42  3:33  Probe  
  42  3:40  Gateway  
  44  3:43  Probe, Assimilator  
  44  3:46  Probe, Assimilator  
  46  3:49  Phoenix  
  46  3:55  Probe  
  46  4:00  Probe  
  46  4:01  Pylon  
  50  4:05  Phoenix  
  50  4:08  Twilight Council, Probe  
  51  4:15  Probe  
  54  4:20  Probe  
  54  4:23  Gateway  
  55  4:27  Probe  
  55  4:29  Phoenix  
  58  4:34  Adept  
  60  4:38  Pylon  
  60  4:39  Charge  
  60  4:41  Probe  
  60  4:45  Dark Shrine  
  61  4:53  Pylon  
  61  4:58  Zealot  
  61  4:59  Zealot  
  65  5:04  Phoenix  
  67  5:22  Nexus  
  67  5:24  Pylon, Probe  
  67  5:25  Probe  
  69  5:30  Zealot  
  69  5:33  Oracle  
  66  5:36  Zealot  
  65  5:43  Probe x2  
  65  5:45  Pylon  
  67  5:51  Gateway  
  67  5:52  Zealot  
  67  5:55  Probe  
  67  5:56  Probe  
  71  5:57  Dark Templar  
  71  5:58  Dark Templar  
  71  5:59  Shield Battery  
  75  6:08  Probe  
  76  6:14  Zealot  
  76  6:15  Probe  
  79  6:20  Probe  
  79  6:22  Nexus  
  79  6:25  Pylon  
  80  6:28  Probe  
  80  6:32  Probe  
  82  6:33  Zealot x2  
  86  6:42  Pylon  
  86  6:43  Probe  
  86  6:44  Probe  
  88  6:47  Dark Templar  
  88  6:50  Pylon, Shield Battery  
  88  6:53  Dark Templar  
  92  6:55  Probe  
  92  6:56  Probe  
  94  7:03  Dark Templar x2, Pylon  
  94  7:04  Probe  
  94  7:05  Probe  
  94  7:07  Archon  
  100  7:12  Forge, Probe  
  100  7:13  Probe  
  100  7:19  Robotics Facility  
  100  7:22  Dark Templar, Probe x2  
  104  7:26  Archon  
  106  7:33  Dark Templar  
  106  7:34  Pylon  
  106  7:35  Dark Templar  
  110  7:40  Archon  
  110  7:44  Zealot  
  108  7:53  Immortal  
  94  8:00  Stalker  
  94  8:05  Sentry  
  96  8:08  Stalker x2  
  100  8:15  Archon  
  100  8:19  Shield Battery  
  100  8:21  Immortal  
  100  8:22  Cybernetics Core  
  100  8:23  Gateway, Stalker  
  102  8:27  Pylon  
  102  8:30  Pylon  
  102  8:31  Zealot  
  102  8:32  Pylon  
  108  8:36  Zealot x2  
  110  8:41  Gateway  
  110  8:44  Gateway  
  110  8:46  Pylon  
  110  8:48  Immortal, Zealot  
  104  8:55  Zealot  
  100  9:00  Zealot  
  95  9:09  Zealot  
  69  9:20  Zealot  
  69  9:21  Zealot x2  
  64  9:32  Gateway  
  64  9:34  Zealot  
  56  9:42  Zealot x5  
Show
View Real Time Build Order
Export as new Build Order

Stephano Zerg - Winner!

Build Orders: Hatch First 

Get SALT Encoding   

  12  0:00  Drone  
  13  0:12  Overlord  
  13  0:17  Drone  
  14  0:30  Drone x2  
  16  0:48  Hatchery  
  15  0:51  Drone  
  15  0:56  Drone  
  17  0:59  Drone  
  18  1:10  Extractor  
  17  1:15  Spawning Pool  
  17  1:17  Drone  
  17  1:21  Drone  
  18  1:27  Drone  
  19  1:38  Drone  
  20  1:50  Drone  
  21  2:01  Queen x2, Overlord  
  21  2:02  Zergling x2  
  26  2:11  Drone x2  
  28  2:25  Hatchery  
  28  2:27  Drone  
  28  2:29  Drone  
  29  2:35  Drone  
  29  2:36  Drone  
  31  2:41  Queen  
  33  2:46  Overlord  
  33  2:50  Metabolic Boost  
  33  2:54  Zergling x2  
  33  2:57  Drone  
  33  2:58  Drone  
  36  3:07  Zergling x4  
  36  3:12  Drone x2  
  40  3:13  Drone x3  
  40  3:28  Drone x3  
  40  3:32  Drone x2  
  44  3:38  Overlord  
  44  3:44  Spore Crawler  
  44  3:45  Overlord  
  43  3:53  Spore Crawler  
  42  3:55  Overlord  
  42  3:56  Queen x2  
  46  4:03  Drone x2  
  46  4:04  Drone x2  
  46  4:05  Drone x2  
  52  4:11  Drone x3  
  52  4:14  Drone x2  
  57  4:18  Spore Crawler  
  57  4:23  Roach Warren  
  55  4:24  Drone  
  57  4:31  Zergling x8  
  57  4:32  Extractor  
  57  4:34  Zergling x4  
  57  4:35  Extractor  
  61  4:41  Zergling x2  
  61  4:42  Zergling x8  
  66  4:52  Overlord x2  
  67  5:01  Lair  
  67  5:02  Overlord  
  66  5:09  Overlord  
  66  5:10  Queen  
  66  5:12  Drone x3  
  66  5:13  Drone x4  
  72  5:14  Evolution Chamber  
  72  5:16  Spore Crawler  
  70  5:21  Queen  
  70  5:25  Drone  
  72  5:28  Drone x3  
  72  5:30  Drone  
  72  5:34  Drone  
  72  5:35  Drone x2  
  73  5:40  Drone x3  
  75  5:44  Zerg Melee Weapons Level 1  
  75  5:45  Drone  
  76  5:53  Roach Warren  
  76  5:54  Drone x2  
  77  6:02  Zergling x6, Nydus Network  
  79  6:11  Zergling x10  
  84  6:22  Queen x2  
  84  6:24  Zergling x2  
  89  6:28  Zergling x2  
  89  6:30  Overlord x2  
  90  6:42  Nydus Canal  
  90  6:45  Overlord  
  90  6:46  Glial Reconstitution  
  90  6:49  Overseer  
  90  6:52  Drone  
  90  6:53  Drone x2  
  92  7:00  Roach x6  
  104  7:07  Nydus Canal  
  103  7:09  Roach x5  
  103  7:13  Overseer x2  
  113  7:21  Overlord  
  113  7:33  Queen, Spore Crawler  
  113  7:34  Overlord  
  113  7:36  Overlord  
  114  7:38  Zerg Missile Weapons Level 1  
  114  7:42  Roach x4  
  116  7:51  Overlord  
  116  7:56  Overlord  
  116  7:57  Roach x9, Queen  
  130  8:02  Queen  
  130  8:04  Overlord  
  129  8:12  Roach x3  
  134  8:13  Pneumatized Carapace  
  134  8:16  Roach  
  134  8:17  Roach x5  
  144  8:26  Roach x3  
  150  8:33  Roach, Hatchery  
  150  8:34  Roach  
  153  8:36  Queen  
  153  8:39  Overlord x2  
  149  8:43  Roach x2  
  149  8:48  Roach x3  
  147  8:57  Roach x6  
  155  9:08  Roach x7  
  145  9:19  Roach x4  
  151  9:25  Overseer  

Tags
 
Add a new tag
Caveats
  • Supply blocks, unpowered buildings, or Contaminate may cause inaccurate times.
  • Supply counts are checked every 10 seconds.